 Dungeon Crawl Stone Soup version 0.31-a0-175-g9f7f995f2b (webtiles) character file.

Game seed: 11262264059967728722

3250 qw the Cleaver (level 9, 0/57 HPs)
             Began as a Gargoyle Fighter on June 16, 2023.
             Was a Priest of Okawaru.
             Slain by Grum
             ... wielding a +0 glaive
              (20 damage)
             ... on level 8 of the Dungeon.
             The game lasted 00:03:25 (6035 turns).

qw the Cleaver (Gargoyle Fighter)                   Turns: 6035, Time: 00:03:26

Health: 0/57       AC: 21    Str: 23    XL:     9   Next: 99%
Magic:  10/12      EV: 10    Int: 10    God:    Okawaru [***...]
Gold:   316        SH:  6    Dex: 15    Spells: 8/8 levels left

rFire   . . .        Y - +2 war axe
rCold   . . .        c - +0 buckler
rNeg    + . .        f - +0 plate armour
rPois   inf          (no helmet)
rElec   +            (no cloak)
rCorr   .            (no gloves)
SInv    .            (no boots)
Will    .....        i - amulet of the acrobat Stlth
                     j - +6 ring of dexterity
HPRegen 0.29/turn    (no ring)
MPRegen 0.13/turn

%: acrobat
@: heroic
A: sickness immunity, AC +6, negative energy resistance 1, electricity
resistance, torment resistance 1, petrification resistance
a: Renounce Religion, Heroism


You were on level 8 of the Dungeon.
You worshipped Okawaru.
Okawaru was most pleased with you.
You visited 2 branches of the dungeon, and saw 9 of its levels.

You collected 316 gold pieces.


Innate Abilities, Weirdness & Mutations

You are immune to sickness and miasma.
Your stone body is resilient. (AC +6)
You are immune to poison.
You resist negative energy. (rN+)
You are resistant to electric shocks. (rElec)
You are resistant to unholy torment.
You are immune to petrification.


   Skills:
 - Level 7.4(12.4) Fighting
 + Level 9.8(14.8) Axes
 - Level 5.2(10.2) Armour
 - Level 2.0(7.0) Dodging
 - Level 4.0(9.0) Shields
 - Level 4.0 Invocations


You had 8 spell levels left.
You didn't know any spells.
Your spell library was empty.

Inventory:

Hand Weapons
 o - a +0 morningstar of protection
 Y - a +2 war axe (weapon)
Armour
 c - a +0 buckler (worn)
 f - a +0 plate armour (worn)
Jewellery
 i - an amulet of the acrobat (around neck)
 j - a +6 ring of dexterity (left hand)
Scrolls
 h - a scroll of identify
 l - a scroll of teleportation
Potions
 a - 3 potions of lignification
 d - 3 potions of might
 e - a potion of resistance
 g - a potion of haste
 k - 3 potions of curing
 p - a potion of mutation

Dungeon Overview and Level Annotations

Branches:
Dungeon (8/15)             Temple (1/1) D:4
   Lair: D:8-11

Altars:
Cheibriados
Hepliaklqana
Kikubaaqudgha
Okawaru
Ru
Sif Muna
Trog
Uskayaw
Vehumet
Wu Jian
Xom
Yredelemnul
Zin
The Shining One

Annotations:
D:8 Grum


Message History

The bullfrog closely misses you. You block the bullfrog's attack.
You closely miss the bullfrog.
The bullfrog is moderately wounded.
The bullfrog barely misses you.
You slash the bullfrog!
The bullfrog is severely wounded.
The bullfrog hits you but does no damage.
You slash the bullfrog!
You kill the bullfrog!
Okawaru accepts your kill.
Okawaru will now gift you throwing weapons as you gain piety.
You slice the wolf!!
You kill the wolf!
Okawaru accepts your kill.
You start resting.
A wolf comes into view.
6018 ||| Stepping ~*~*~tactically~*~*~ (stealth).
The wolf bites you.
You slice the wolf!!
You kill the wolf!
Okawaru accepts your kill.
You start resting.
A wolf comes into view.
The wolf moves out of view.
You start resting.
Grum the Hunter comes into view.
He is wielding a +0 glaive.
You feel like a meek peon again.
Grum growls angrily.
You hear a howl!
You see here a wolf corpse.
6031 ||| Stepping ~*~*~tactically~*~*~ (hiding).
You hear the slow hiss of a very distant avalanche of sand.
You start resting.
There are monsters nearby!
6033 ||| INVOKING Heroism.
You gain the combat prowess of a mighty hero.
The wolf completely misses you. Grum misses you.
You closely miss the wolf. The wolf bites you.
Grum hits you from afar with a +0 glaive!!
You die...

### #.# .. #.#
.########.## #.#.#
...........#### #.#.#
#............# #.#.###
#....# #.#.#.. #%#%###.##
#......
#.##.#........####...###
......).@...#..#......# #
.#.####.h(g...........###
###.#.#..#.##.#....
.#.#..# #.#.<.. ...g h.
>.#.... ... . #####...
##.# ##.# .. .# .#


You could see Grum and a wolf.

Vanquished Creatures
  Pikel (D:6)
  A steam dragon (D:8)
  A black bear (D:5)
  An ice beast (D:7)
  3 sky beasts (D:7)
  2 orc warriors
  2 wolves (D:8)
  An ogre (D:6)
  A centaur (D:6)
  A phantom (D:6)
  A lemure (D:6)
  Blork the orc (D:5)
  2 kobold brigands
  5 bullfrogs
  4 scorpions
  2 hounds
  A jelly (D:5)
  3 orc priests
  2 gnoll boudas
  5 iguanas
  2 sleepcaps
  5 orc wizards
  A mummy (D:7)
  12 gnolls
  9 adders
  2 white imps
  An ufetubus (D:6)
  A worm (D:2)
  5 dart slugs
  12 orcs
  2 ball pythons
  5 endoplasms
  2 giant cockroaches
  16 goblins
  6 hobgoblins
  7 jackals (D:1)
  30 kobolds
  5 quokkas
  4 bats
  5 frilled lizards
  2 rats
174 creatures vanquished.

Vanquished Creatures (others)
  An orc wizard (D:8)
1 creature vanquished.

Grand Total: 175 creatures vanquished

Notes
Turn   | Place    | Note
-------+----------+-------------------------------------------
     0 | D:1      | qw the Gargoyle Fighter began the quest for the Orb.
     0 | D:1      | Reached XP level 1. HP: 14/14 MP: 1/1
     0 | D:1      | 0 ||| qw: Version: 0.2-a-29-g511e9b1
     0 | D:1      | 0 ||| qw: Game counter: 5647
     0 | D:1      | 0 ||| qw: Always use a shield: true
     0 | D:1      | 0 ||| qw: God list: Okawaru
     0 | D:1      | 0 ||| qw: Allow faded altars: false
     0 | D:1      | 0 ||| qw: Do Orc after D:15 true
     0 | D:1      | 0 ||| qw: Do second Lair branch before Depths: true
     0 | D:1      | 0 ||| qw: Lair rune preference: random
     0 | D:1      | 0 ||| qw: Plans: Normal, Zot:1-4, Slime:5, God:TSO, Crypt,
                  | Tomb, Abyss, Pan, Hells, Win
     0 | D:1      | 0 ||| PLANNING D:1-11
    17 | D:1      | You fall into a shaft and drop 1 floor!
    37 | D:2      | HP: 3/14 [worm (6)]
    38 | D:2      | HP: 1/14 [worm (3)]
    41 | D:2      | Reached skill level 2 in Axes
   121 | D:2      | 121 ||| Stepping ~*~*~tactically~*~*~ (stealth).
   127 | D:2      | Reached XP level 2. HP: 15/19 MP: 2/2
   278 | D:1      | 278 ||| Stepping ~*~*~tactically~*~*~ (stealth).
   351 | D:1      | Reached skill level 3 in Axes
   352 | D:1      | Reached XP level 3. HP: 23/23 MP: 3/3
   395 | D:1      | 395 ||| Stepping ~*~*~tactically~*~*~ (stealth).
   464 | D:1      | Found a faded altar of an unknown god.
   636 | D:1      | 636 ||| Stepping ~*~*~tactically~*~*~ (stealth).
   763 | D:1      | 763 ||| UPGRADING to amulet of the acrobat.
   768 | D:1      | 768 ||| READING scroll labelled XOUT OLEADEIH.
   769 | D:1      | 769 ||| READING 4 scrolls labelled DYLOAQIBBO.
   770 | D:1      | 770 ||| READING 3 scrolls of identify.
   770 | D:1      | 770 ||| IDENTIFYING fuming puce potion
   873 | D:2      | Reached XP level 4. HP: 28/28 MP: 4/4
   984 | D:2      | 984 ||| Stepping ~*~*~tactically~*~*~ (stealth).
  1105 | D:2      | 1105 ||| UPGRADING to +6 ring of dexterity.
  1106 | D:2      | 1106 ||| READING scroll labelled JYTIULA ESOTZ.
  1125 | D:2      | 1125 ||| READING scroll labelled AKHUOCRYAQ.
  1126 | D:2      | 1126 ||| READING 3 scrolls of identify.
  1126 | D:2      | 1126 ||| IDENTIFYING cyan potion
  1142 | D:3      | 1142 ||| Stepping ~*~*~tactically~*~*~ (stealth).
  1330 | D:3      | Reached skill level 1 in Dodging
  1379 | D:3      | Reached skill level 4 in Axes
  1400 | D:3      | 1400 ||| Stepping ~*~*~tactically~*~*~ (stealth).
  1406 | D:3      | Reached XP level 5. HP: 32/32 MP: 5/5
  1458 | D:3      | Identified the +6 mace of Siedghes {drain, rElec Str+2
                  | SInv}
  1575 | D:3      | 1575 ||| DROPPING +0 whip.
  1576 | D:3      | 1576 ||| DROPPING +6 mace of Siedghes {drain, rElec Str+2
                  | SInv}.
  1618 | D:3      | Found Fytol's Weapon Shop.
  1822 | D:3      | 1822 ||| READING scroll labelled RALUWA CU JIA.
  1826 | D:3      | 1826 ||| READING scroll labelled ASEOJE JUINE.
  1827 | D:3      | 1827 ||| READING scroll labelled JUTTO PEPHIE.
  1828 | D:3      | 1828 ||| READING scroll labelled DYRULU INKIZOR.
  1863 | D:4      | 1863 ||| READING scroll of enchant weapon.
  1863 | D:4      | 1863 ||| ENCHANTING +1 war axe.
  1896 | D:4      | Found a staircase to the Ecumenical Temple.
  1897 | D:4      | 1897 ||| PLANNING TEMPLE
  1897 | D:4      | 1897 ||| Stepping ~*~*~tactically~*~*~ (stealth).
  1924 | Temple   | Entered the Ecumenical Temple
  1927 | Temple   | 1927 ||| PLANNING OKAWARU WORSHIP
  2100 | Temple   | Became a worshipper of Warmaster Okawaru
  2101 | Temple   | 2101 ||| PLANNING D:1-11
  2125 | D:4      | 2125 ||| Stepping ~*~*~tactically~*~*~ (hiding).
  2189 | D:4      | HP: 3/32 [iguana (10)]
  2407 | D:4      | Noticed a kobold brigand
  2413 | D:4      | Reached skill level 5 in Axes
  2415 | D:4      | Reached XP level 6. HP: 33/37 MP: 6/6
  2509 | D:4      | 2509 ||| Stepping ~*~*~tactically~*~*~ (stealth).
  2517 | D:4      | 2517 ||| Stepping ~*~*~tactically~*~*~ (hiding).
  2518 | D:4      | 2518 ||| Stepping ~*~*~tactically~*~*~ (hiding).
  2521 | D:4      | 2521 ||| Stepping ~*~*~tactically~*~*~ (stealth).
  2835 | D:4      | 2835 ||| READING scroll labelled GIPHAE RAQIN.
  2836 | D:4      | 2836 ||| DRINKING 2 glowing ruby potions.
  2899 | D:5      | Entered Level 5 of the Dungeon
  2948 | D:5      | Noticed Blork the orc
  2949 | D:5      | 2949 ||| Stepping ~*~*~tactically~*~*~ (hiding).
  2961 | D:5      | Killed Blork the orc
  2961 | D:5      | Reached * piety under Okawaru
  3075 | D:5      | Reached XP level 7. HP: 43/43 MP: 7/7
  3171 | D:5      | 3171 ||| Stepping ~*~*~tactically~*~*~ (hiding).
  3204 | D:5      | 3204 ||| Stepping ~*~*~tactically~*~*~ (stealth).
  3206 | D:5      | 3206 ||| Stepping ~*~*~tactically~*~*~ (stealth).
  3216 | D:5      | 3216 ||| Stepping ~*~*~tactically~*~*~ (stealth).
  3218 | D:5      | 3218 ||| Stepping ~*~*~tactically~*~*~ (hiding).
  3398 | D:5      | 3398 ||| INVOKING Heroism.
  3403 | D:5      | 3403 ||| DRINKING 3 potions of curing.
  3403 | D:5      | 3403 ||| (to cure confusion)
  3405 | D:5      | Reached skill level 6 in Axes
  3405 | D:5      | 3405 ||| DRINKING 2 potions of curing.
  3405 | D:5      | 3405 ||| (to cure confusion)
  3407 | D:5      | Reached skill level 1 in Invocations
  3493 | D:5      | 3493 ||| INVOKING Heroism.
  3854 | D:5      | 3854 ||| READING 4 scrolls of identify.
  3854 | D:5      | 3854 ||| IDENTIFYING emerald potion
  3879 | D:6      | 3879 ||| INVOKING Heroism.
  3888 | D:6      | Reached skill level 3 in Invocations
  4012 | D:6      | 4012 ||| INVOKING Heroism.
  4016 | D:6      | Reached XP level 8. HP: 28/48 MP: 7/10
  4023 | D:6      | Reached skill level 7 in Axes
  4025 | D:6      | 4025 ||| INVOKING Heroism.
  4025 | D:6      | HP: 9/48 [centaur/sling bullet (5)]
  4026 | D:6      | 4026 ||| READING scroll of teleportation.
  4027 | D:6      | 4027 ||| DRINKING potion of heal wounds.
  4107 | D:6      | 4107 ||| INVOKING Heroism.
  4130 | D:6      | Reached ** piety under Okawaru
  4131 | D:6      | 4131 ||| INVOKING Heroism.
  4151 | D:6      | 4151 ||| INVOKING Heroism.
  4207 | D:6      | 4207 ||| Stepping ~*~*~tactically~*~*~ (stealth).
  4225 | D:6      | 4225 ||| Stepping ~*~*~tactically~*~*~ (stealth).
  4226 | D:6      | 4226 ||| Stepping ~*~*~tactically~*~*~ (stealth).
  4243 | D:6      | Reached skill level 8 in Axes
  4332 | D:6      | Noticed Pikel
  4333 | D:6      | 4333 ||| INVOKING Heroism.
  4349 | D:6      | Killed Pikel
  4350 | D:6      | Reached XP level 9. HP: 45/57 MP: 10/12
  4536 | D:6      | 4536 ||| Stepping ~*~*~tactically~*~*~ (stealth).
  4685 | D:6      | 4685 ||| UPGRADING to +0 plate armour.
  4695 | D:6      | 4695 ||| DROPPING +0 scale mail.
  4696 | D:6      | 4696 ||| READING scroll labelled QISA DYECUA.
  4697 | D:6      | 4697 ||| READING 3 scrolls of identify.
  4697 | D:6      | 4697 ||| IDENTIFYING sapphire potion
  4698 | D:6      | 4698 ||| DROPPING potion of enlightenment.
  4814 | D:7      | 4814 ||| Stepping ~*~*~tactically~*~*~ (hiding).
  4815 | D:7      | 4815 ||| Stepping ~*~*~tactically~*~*~ (hiding).
  5079 | D:7      | 5079 ||| Stepping ~*~*~tactically~*~*~ (stealth).
  5080 | D:7      | 5080 ||| Stepping ~*~*~tactically~*~*~ (stealth).
  5096 | D:7      | 5096 ||| Stepping ~*~*~tactically~*~*~ (stealth).
  5097 | D:7      | 5097 ||| Stepping ~*~*~tactically~*~*~ (stealth).
  5103 | D:7      | 5103 ||| Stepping ~*~*~tactically~*~*~ (stealth).
  5104 | D:7      | 5104 ||| Stepping ~*~*~tactically~*~*~ (stealth).
  5109 | D:7      | Reached *** piety under Okawaru
  5127 | D:7      | Found a glowing golden altar of the Shining One.
  5198 | D:7      | 5198 ||| Stepping ~*~*~tactically~*~*~ (hiding).
  5217 | D:7      | 5217 ||| INVOKING Heroism.
  5474 | D:7      | Reached skill level 9 in Axes
  5500 | D:7      | Found an ornate altar of the Wu Jian Council.
  5582 | D:7      | 5582 ||| INVOKING Heroism.
  5753 | D:7      | Found a snail-covered altar of Cheibriados.
  5764 | D:7      | 5764 ||| READING scroll labelled HYXYIM LAZ IZE.
  5865 | D:7      | 5865 ||| READING scroll labelled KUMPUH NAYH.
  5866 | D:7      | 5866 ||| READING 3 scrolls of identify.
  5866 | D:7      | 5866 ||| IDENTIFYING coppery potion
  5867 | D:7      | 5867 ||| READING 2 scrolls of identify.
  5867 | D:7      | 5867 ||| IDENTIFYING green potion
  5868 | D:7      | 5868 ||| DROPPING potion of berserk rage.
  5876 | D:8      | 5876 ||| PLANNING OSSUARY
  5931 | D:8      | 5931 ||| Stepping ~*~*~tactically~*~*~ (hiding).
  5934 | D:8      | 5934 ||| Stepping ~*~*~tactically~*~*~ (hiding).
  5938 | D:8      | 5938 ||| INVOKING Heroism.
  5965 | D:8      | 5965 ||| FLEEEEING.
  5966 | D:8      | 5966 ||| FLEEEEING.
  5967 | D:8      | 5967 ||| FLEEEEING.
  5968 | D:8      | 5968 ||| FLEEEEING.
  5969 | D:8      | 5969 ||| FLEEEEING.
  5970 | D:8      | 5970 ||| FLEEEEING.
  5974 | D:8      | 5974 ||| INVOKING Heroism.
  5982 | D:8      | HP: 10/57 [steam dragon] (7)]
  5983 | D:8      | 5983 ||| READING 2 scrolls of teleportation.
  6006 | D:8      | 6006 ||| INVOKING Heroism.
  6018 | D:8      | 6018 ||| Stepping ~*~*~tactically~*~*~ (stealth).
  6030 | D:8      | Noticed Grum
  6031 | D:8      | 6031 ||| Stepping ~*~*~tactically~*~*~ (hiding).
  6033 | D:8      | 6033 ||| INVOKING Heroism.
  6035 | D:8      | Slain by Grum

Levels and vault maps discovered:
D:1:      roderic_crossed_star, layout_basic, chequers_ecumenical_altar_simple
D:2:      layout_rooms
D:3:      layout_basic, serial_shops, nicolae_shop_gibbet_a_chance
D:4:      kennysheep_kobold_camp, layout_basic, minmay_temple_entry_slanted
D:5:      layout_gridville, minmay_misc_feat_tower, minmay_misc_feat_columns,
          uniq_blork_the_orc
D:6:      layout_cave_pools, minmay_manual_monolith, uniq_pikel
D:7:      layout_basic, slow_altar_2, lemuel_coloured_pillars_altar,
          mainiacjoe_overflow_small_starburst, hex_medium
D:8:      layout_loops_ring, nicolae_overflow_hidden_temple,
          mainiacjoe_overflow_catwalk_spiral, enter_ossuary_3,
          dreamdust_deal_with_the_devil, uniq_grum
Temple:   nicolae_temple_bog_church

Skill      XL: |  1  2  3  4  5  6  7  8  9 |
---------------+----------------------------+-----
Axes           | 2 3 4 5 6 8 9 |  9.8
Dodging        | 1 2 |  2.0
Fighting       | 4 7 |  7.4
Invocations    | 3 4 |  4.0
Armour         | 5 |  5.2
Shields        | 4 |  4.0

Action                     |  1- 3 |  4- 6 |  7- 9 || total
---------------------------+-------+-------+-------++-------
  Melee: War axe           |   114 |   153 |   231 ||   498
 Invoke: Heroism           |       |       |    15 ||    15
    Use: Scroll            |     3 |     9 |     9 ||    21
         Potion            |       |     1 |     3 ||     4
 Armour: Scale mail        |    61 |    61 |    63 ||   185
         Plate armour      |       |       |    48 ||    48
  Dodge: Dodged            |    63 |    71 |    98 ||   232
  Block: Buckler           |    29 |    31 |    50 ||   110

Table legend:
 A = Non-vault XP
 B = Vault XP
 C = Vault XP percentage of total XP
 D = Non-vault monster count
 E = Vault monster count
 F = Vault count percentage of total count
                 A         B        C        D         E       F
            +---------+---------+-------+---------+---------+-------
      Total |    3378 |    1266 |  27.3 |     144 |      29 |  16.8
            +---------+---------+-------+---------+---------+-------
        D:1 |      55 |       0 |   0.0 |      29 |       0 |   0.0
        D:2 |      34 |       0 |   0.0 |      11 |       0 |   0.0
        D:3 |      80 |       0 |   0.0 |      15 |       0 |   0.0
        D:4 |     176 |     125 |  41.5 |      20 |      21 |  51.2
        D:5 |     439 |      99 |  18.4 |      15 |       1 |   6.2
        D:6 |     954 |     793 |  45.4 |      23 |       4 |  14.8
        D:7 |    1047 |      18 |   1.7 |      18 |       1 |   5.3
        D:8 |     593 |     231 |  28.0 |      13 |       2 |  13.3
            +---------+---------+-------+---------+---------+-------
